 Dungeon Crawl Stone Soup version 0.29-a0-575-g0dc89cf (webtiles) character file.

Game seed: 11552356858178690738

131882 BingusPrime the Warrior (level 17, -10/137 HPs)
             Began as a Djinni Conjurer on June 11, 2022.
             Was the Champion of Makhleb.
             Killed from afar by an eleionoma (48 damage)
             ... with a spray of wooden splinters
             ... on level 3 of the Swamp on June 12, 2022.
             The game lasted 04:41:01 (25459 turns).

BingusPrime the Warrior (Djinni Conjurer)          Turns: 25459, Time: 04:41:01

Health: -10/137    AC: 11    Str:  6    XL:     17   Next: 68%
Gold:   2400       EV: 25    Int: 27    God:    Makhleb [******] SH:  0 Dex: 17

rFire   + + .      SeeInvis .   k - staff of poison
rCold   . . .      Faith    .   (no shield)
rNeg    + . .      Spirit   .   V - +2 robe {Will+}
rPois   ∞          Reflect  .   w - +1 helmet of Keig {Fly rPois Str+2}
rElec   .          Harm     .   C - +2 cloak
rCorr   .          Rampage  .   s - +1 pair of gloves of the Garden {rC+ rN+ Str-2 Dex+4}
Will    +++..                   (boots unavailable)
Stlth   ++........              A - amulet of regeneration
HPRegen 1.12/turn               f - ring of willpower
MPRegen 0.00/turn               M - +4 ring of evasion

@: flying
A: sickness immunity, fire resistance 2, cold vulnerability 1, float, innate
caster, HP casting, extra vitality 1
a: Renounce Religion, Minor Destruction, Lesser Servant of Makhleb, Major
Destruction, Greater Servant of Makhleb


You were on level 3 of the Swamp.
You worshipped Makhleb.
Makhleb was exalted by your worship.
You visited 5 branches of the dungeon, and saw 28 of its levels.
You also visited: Ossuary.

You collected 2504 gold pieces.
You spent 104 gold pieces at shops.

Inventory:

Hand Weapons
 U - a +2 demon whip of venom
Missiles
 o - 20 boomerangs
 v - 29 poisoned darts (quivered)
 F - 6 throwing nets
 J - 4 curare-tipped darts
Armour
 i - a +2 helmet
 s - the +1 pair of gloves of the Garden (worn) {rC+ rN+ Str-2 Dex+4}
   (You found it on level 4 of the Dungeon)

   Str:       It affects your strength (-2).
   Dex:       It affects your dexterity (+4).
   rC:        It protects you from cold.
   rN:        It protects you from negative energy.
 w - the +1 helmet of Keig (worn) {Fly rPois Str+2}
   (You found it on level 2 of the Swamp)

   Str:       It affects your strength (+2).
   rPois:     It protects you from poison.
   Fly:       It grants you flight.
 C - a +2 cloak (worn)
 Q - +1 acid dragon scales
 V - a +2 robe of willpower (worn)
Magical Staves
 b - a staff of cold
 c - a staff of death
 k - a staff of poison (weapon)
Jewellery
 f - a ring of willpower (left hand)
 h - an amulet of reflection
 A - an amulet of regeneration (around neck)
 M - a +4 ring of evasion (right hand)
 O - a ring of see invisible
Wands
 q - a wand of mindburst (27)
 t - a wand of flame (23)
 D - a wand of paralysis (4)
 L - a wand of iceblast (10)
 N - a wand of charming (13)
 S - a wand of digging (10)
 W - a wand of acid (6)
 Z - a wand of polymorph (5)
Scrolls
 e - 4 scrolls of fog
 n - 2 scrolls of enchant armour
 p - 5 scrolls of immolation
 r - 5 scrolls of teleportation
 u - 3 scrolls of fear
 y - 3 scrolls of brand weapon
 H - 4 scrolls of enchant weapon
 I - 3 scrolls of summoning
 K - a scroll of blinking
 P - 2 scrolls of acquirement
 R - 3 scrolls of poison
 Y - a scroll of silence
Potions
 a - 4 potions of might
 d - 7 potions of haste
 g - 3 potions of resistance
 j - 10 potions of lignification
 l - 3 potions of invisibility
 m - 4 potions of cancellation
 x - 16 potions of curing
 z - 5 potions of mutation
 B - 3 potions of attraction
 E - 7 potions of brilliance
 T - a potion of ambrosia {unknown}
Miscellaneous
 X - a lightning rod (4/4)


   Skills:
 * Level 17.4 Fighting
 + Level 4.0 Armour
 * Level 14.5 Dodging
 - Level 1.5 Stealth
 * Level 12.7 Spellcasting
 - Level 14.1 Evocations


You couldn't memorise any spells.
You knew the following spells:

 Your Spells              Type           Power      Damage    Failure   Level
a - Magic Dart            Conj           100%       1d8       1%          1
b - Searing Ray           Conj           100%       2d8       1%          2
c - Dazzling Flash        Conj/Hex       100%       N/A       1%          3
d - Fulminant Prism       Conj/Hex       36%        3d18      1%          4
e - Iskenderun's Mystic   Conj/Tloc      72%        2d15      1%          4
f - Summon Small Mammal   Summ           100%       N/A       1%          1
g - Poisonous Vapours     Pois/Air       100%       N/A       1%          2
h - Frozen Ramparts       Ice            100%       1d12      1%          3
i - Spider Form           Tmut/Pois      92%        N/A       1%          3
j - Olgreb's Toxic Radia  Pois           92%        N/A       1%          4
k - Lightning Bolt        Conj/Air       36%        1d54      1%          5
l - Death Channel         Necr           36%        N/A       2%          6
m - Ozocubu's Refrigerat  Ice            36%        4d12      14%         7
Your spell library was empty.

Dungeon Overview and Level Annotations

Branches:
Dungeon (15/15)            Temple (1/1) D:4            Lair (6/6) D:9
  Swamp (4/4) Lair:3       Spider (0/4) Lair:2        Slime (0/5) Lair:6
    Orc (2/2) D:10            Elf (0/3) Orc:2        Vaults (0/5) D:14
 Depths (0/4) D:15        Ossuary (visited)

Altars:
Ashenzari
Cheibriados
Dithmenos
Elyvilon
Fedhas
Gozag
Hepliaklqana
Kikubaaqudgha
Makhleb
Nemelex Xobeh
Okawaru
Qazlal
Ru
Sif Muna
Trog
Uskayaw
Vehumet
Wu Jian
Xom
Yredelemnul
Zin
The Shining One
Jiyva

Shops:
D:9 !   Orc:2 ?*:

Portals:
Pandemonium: Orc:2
Trove: D:11 (give +2 gold dragon scales)

Annotations:
D:10 1 runed translucent door, Radamante's ghost, journeyman GrEE
Lair:1 3 runed translucent doors, Raverzhus's ghost, novice MiFi


Innate Abilities, Weirdness & Mutations

You are immune to sickness and miasma.
You are immune to poison.
Your flesh is very heat resistant. (rF++)
You are vulnerable to cold. (rC-)
You float through the air rather than walking.
You learn spells naturally, not from books.
Your magical power is your life essence.
You have superior vitality. (+4 MHP)


Message History

The bolt of lightning hits the eleionoma!
The eleionoma is severely wounded.
The eleionoma touches a tree and draws upon its vitality.
The eleionoma is healed.
Casting: Lightning Bolt (mildly dangerous; 1% risk of failure)
Confirm with . or Enter, or press ? or * to list all spells.
Aiming: Lightning Bolt (mildly dangerous; 1% risk of failure)
Press: ? - help, Shift-Dir - straight line, f/p - eleionoma
Aim: an eleionoma (very poisoned, 64% to hit)
You hear a mighty clap of thunder!
The bolt of lightning hits the eleionoma.
The eleionoma is lightly wounded.
Casting: Lightning Bolt (mildly dangerous; 1% risk of failure)
Confirm with . or Enter, or press ? or * to list all spells.
Aiming: Lightning Bolt (mildly dangerous; 1% risk of failure)
Press: ? - help, Shift-Dir - straight line, f/p - eleionoma
Aim: an eleionoma (lightly wounded, very poisoned, 64% to hit)
You hear a mighty clap of thunder!
The bolt of lightning hits the eleionoma!!
The eleionoma is heavily wounded.
Casting: Lightning Bolt (mildly dangerous; 1% risk of failure)
Confirm with . or Enter, or press ? or * to list all spells.
Aiming: Lightning Bolt (mildly dangerous; 1% risk of failure)
Press: ? - help, Shift-Dir - straight line, f/p - eleionoma
Aim: an eleionoma (severely wounded, very poisoned, 64% to hit)
You hear a mighty clap of thunder!
The bolt of lightning misses the eleionoma.
The eleionoma hurls a spray of splinters at you.
The spray of wooden splinters hits you.
Casting: Lightning Bolt (mildly dangerous; 1% risk of failure)
Confirm with . or Enter, or press ? or * to list all spells.
Aiming: Lightning Bolt (mildly dangerous; 1% risk of failure)
Press: ? - help, Shift-Dir - straight line, f/p - eleionoma
Aim: an eleionoma (severely wounded, very poisoned, 64% to hit)
You hear a mighty clap of thunder!
The bolt of lightning misses the eleionoma.
* * * LOW HITPOINT WARNING * * *
The eleionoma hurls a spray of splinters at you.
The spray of wooden splinters hits you!!!
You die...

♣≈≈≈.≈÷)..≈.....≈≈≈≈≈...§♣
♣♣≈§♣♣♣♣§≈≈♣♣...!.≈≈.♣♣...
♣..♣ ♣..♣≈≈.≈≈§≈..♣.≈...
♣♣..♣ ♣♣.....≈≈≈≈≈≈.♣≈≈≈..
♣...♣ ♣.≈.≈.≈≈≈≈≈...♣♣♣..≈
♣♣≈.♣ ♣♣♣.≈≈[≈≈≈≈≈.≈♣♣♣.≈≈
♣♣§♣ ♣♣.≈..≈≈≈≈≈≈...≈≈≈.
♣♣♣ ♣.≈≈≈≈.§≈≈<≈≈.≈≈≈≈.
♣≈@≈≈....≈≈..≈≈≈≈≈≈
♣♣...≈.≈≈≈.♣.≈≈≈≈≈≈
♣§≈♣♣♣♣≈≈≈§♣♣.≈≈≈≈≈
♣♣♣♣R♣♣♣♣....♣♣.≈≈≈≈≈
♣≈♣♣.≈♣♣.≈≈♣♣♣≈.≈≈≈.≈
♣♣♣.≈♣.....≈≈♣ ♣≈≈≈≈≈..
♣≈.....≈≈≈..≈♣♣♣.≈≈≈≈♣≈
♣♣♣≈≈..≈≈≈.≈≈≈.♣≈.≈≈.♣♣
♣≈...≈..♣♣.≈≈♣♣§..♣♣


You could see an eleionoma (very poisoned).

Vanquished Creatures
  Mlioglotl (Swamp:1)
  Rupert (Lair:4)
  Donald (Orc:2)
  Kirke (Swamp:1)
  An eleionoma (Swamp:3)
  2 dire elephants (Lair:6)
  3 bunyips
  A shambling mangrove (Swamp:2)
  Josephine (D:14)
  Harold (Lair:1)
  8 hydras
  A boulder beetle (D:14)
  2 ghost crabs (Swamp:1)
  3 demonspawn (Orc:2)
  8 two-headed ogres
  A catoblepas (Lair:6)
  Erica (Lair:2)
  A centaur warrior (D:14)
  3 alligators
  6 death yaks
  A tengu warrior (D:13)
  6 orc high priests (Orc:2)
  11 spriggans
  Amaemon (Lair:2)
  A soul eater (Orc:2)
  Lodul (D:12)
  11 skeletal warriors
  3 spriggan druids
  A sixfirhy (Orc:2)
  A spectral anaconda (Lair:6)
  3 goliath frogs
  A death drake (Swamp:2)
  A bog body (Swamp:1)
  An obsidian statue (Lair:6)
  2 swamp dragons
  5 orc knights (Orc:2)
  A wizard (D:15)
  3 deep elf pyromancers (D:15)
  6 necromancers
  3 will-o-the-wisps
  4 orc sorcerers (Orc:2)
  A wolf spider (Lair:1)
  16 ugly things
  A centaur zombie (D:15)
  6 cyclopes
  2 manticores (D:15)
  26 elephants
  5 black mambas
  An ice statue (D:14)
  2 orange demons
  3 gargoyles
  A torpor snail (Lair:2)
  8 cane toads
  5 kobold demonologists
  3 centaur skeletons (D:15)
  A rime drake (Lair:3)
  A dire elephant skeleton (Lair:6)
  6 komodo dragons
  An efreet (D:14)
  2 tengu conjurers (D:14)
  4 meliai
  A wind drake (shapeshifter) (D:13)
  7 tyrant leeches
  3 trolls
  A raiju (shapeshifter) (D:13)
  13 hornets
  5 slime creatures
  A spectral elephant (Lair:6)
  23 blink frogs
  5 dream sheep
  A shadow (D:10)
  Sigmund (D:2)
  11 wraiths
  3 wyverns
  A vampire (D:12)
  47 yaks
  A human (Swamp:1)
  4 hogs (Swamp:1)
  4 vampire mosquitoes (D:12)
  6 basilisks
  Eustachio (D:6)
  17 swamp worms
  Edmund (D:6)
  3 acid dragons
  2 wargs (Orc:2)
  A spectral cane toad (Lair:6)
  17 water moccasins
  3 black bears
  2 ice beasts
  2 sky beasts
  22 orc warriors
  2 elephant zombies (Lair:6)
  11 ogres
  13 wolves
  3 centaurs
  An elephant skeleton (Lair:6)
  2 kobold brigands
  9 bullfrogs
  A gnoll sergeant (D:9)
  9 scorpions
  5 necrophages
  A hornet simulacrum (D:15)
  3 wights (D:7)
  27 killer bees
  An electric eel (Lair:3)
  A howler monkey (D:10)
  4 gnoll shamans
  5 jellies
  Crazy Yiuf (D:4)
  3 hounds
  25 orc priests
  2 iguanas
  2 human zombies (Ossuary)
  2 scorpion zombies (Ossuary)
  Ijyb (D:3)
  10 orc wizards
  6 hell rats (Lair:5)
  3 mummies (Ossuary)
  6 adders
  20 gnolls
  2 shadow imps
  3 white imps
  An ufetubus (D:5)
  52 orcs
  4 ball pythons
  5 endoplasms
  5 giant cockroaches
  4 goblins
  4 hobgoblins
  6 jackals
  10 kobolds
  A quokka (D:3)
  7 bats
  4 frilled lizards
  3 gnoll zombies (Ossuary)
  3 goblin zombies (Ossuary)
  A hobgoblin zombie (Ossuary)
  3 orc zombies (Ossuary)
  7 rats
  A butterfly (Lair:1)
  5 fulminant prisms
  A starspawn tentacle (Swamp:1)
729 creatures vanquished.

Vanquished Creatures (collateral kills)
  A ghost crab (Swamp:1)
  2 swamp dragons (Swamp:1)
  An orc sorcerer (Orc:2)
  3 will-o-the-wisps (Swamp:2)
  2 tyrant leeches
  A swamp worm (Swamp:2)
  2 orc warriors (Orc:2)
  A swamp drake (D:10)
  An ogre (D:10)
  An orc priest (Orc:2)
  A gnoll (D:9)
  An orc (D:10)
  A kobold zombie (Ossuary)
18 creatures vanquished.

Vanquished Creatures (others)
  32 foxfires
  208 fulminant prisms
  29 fungi
  78 plants
  A starspawn tentacle (Swamp:1)
  34 withered plants (Lair:6)
382 creatures vanquished.

Grand Total: 1129 creatures vanquished

Notes
Turn   | Place    | Note
-------+----------+-------------------------------------------
     0 | D:1      | BingusPrime the Djinni Conjurer began the quest for the
                  | Orb.
     0 | D:1      | Reached XP level 1. HP: 15/15 MP: 0/0
   314 | D:1      | Found a faded altar of an unknown god.
   363 | D:1      | Reached XP level 2. HP: 20/22 MP: 0/0
   584 | D:1      | Reached skill level 1 in Fighting
  1069 | D:1      | You are sucked into a shaft and drop 1 floor!
  1163 | D:2      | Reached XP level 3. HP: 23/27 MP: 0/0
  1163 | D:2      | Learned a level 1 spell: Summon Small Mammal
  1572 | D:2      | Noticed Sigmund
  1576 | D:2      | Killed Sigmund
  1577 | D:2      | Reached skill level 2 in Fighting
  1577 | D:2      | Reached skill level 1 in Evocations
  1577 | D:2      | Reached XP level 4. HP: 28/34 MP: 0/0
  1577 | D:2      | Reached XP level 5. HP: 34/40 MP: 0/0
  1577 | D:2      | Learned a level 2 spell: Poisonous Vapours
  1741 | D:2      | Reached XP level 6. HP: 40/45 MP: 0/0
  1800 | D:2      | Reached skill level 3 in Fighting
  2672 | D:3      | Noticed Ijyb
  2681 | D:3      | Killed Ijyb
  4289 | D:4      | Identified the +1 pair of gloves of the Garden {rC+ rN+
                  | Str-2 Dex+4}
  4451 | D:4      | Found a staircase to the Ecumenical Temple.
  4463 | D:4      | Reached XP level 7. HP: 40/51 MP: 0/0
  4463 | D:4      | Learned a level 3 spell: Frozen Ramparts
  4467 | Temple   | Entered the Ecumenical Temple
  4611 | Temple   | Became a worshipper of Makhleb the Destroyer
  5089 | D:4      | Found a runed translucent door.
  5090 | D:4      | Noticed Crazy Yiuf
  5243 | D:4      | Killed Crazy Yiuf
  5361 | D:5      | Entered Level 5 of the Dungeon
  5425 | D:5      | Reached skill level 4 in Fighting
  5521 | D:5      | Found a sand-covered staircase.
  5525 | Ossuary  | Entered an ossuary
  5589 | Ossuary  | Reached skill level 5 in Spellcasting
  5589 | Ossuary  | Reached XP level 8. HP: 48/58 MP: 0/0
  5754 | Ossuary  | Reached skill level 5 in Fighting
  5776 | Ossuary  | Reached * piety under Makhleb
  6026 | D:5      | Reached skill level 5 in Dodging
  6530 | D:6      | Noticed Eustachio
  6534 | D:6      | Reached XP level 9. HP: 63/66 MP: 0/0
  6534 | D:6      | Learned a level 3 spell: Spider Form
  6535 | D:6      | Noticed Edmund
  6537 | D:6      | Killed Eustachio
  6538 | D:6      | Reached skill level 6 in Fighting
  6544 | D:6      | Killed Edmund
  6597 | D:6      | Reached ** piety under Makhleb
  6794 | D:6      | Reached skill level 7 in Fighting
  7527 | D:7      | Reached XP level 10. HP: 72/75 MP: 0/0
  7535 | D:7      | Reached skill level 5 in Evocations
  8183 | D:8      | Reached skill level 8 in Fighting
  8219 | D:8      | Reached *** piety under Makhleb
  8455 | D:8      | Noticed a gargoyle
  8462 | D:8      | Killed a gargoyle
  9174 | D:9      | Noticed a kobold demonologist
  9181 | D:9      | Killed a kobold demonologist
  9182 | D:9      | Reached skill level 9 in Fighting
  9187 | D:9      | Reached XP level 11. HP: 65/84 MP: 0/0
  9187 | D:9      | Learned a level 4 spell: Olgreb's Toxic Radiance
  9200 | D:9      | Noticed a two-headed ogre
  9209 | D:9      | Killed a two-headed ogre
  9250 | D:9      | Noticed a two-headed ogre
  9258 | D:9      | Killed a two-headed ogre
  9483 | D:9      | Found Guxkatadd's Distillery.
  9491 | D:9      | Bought a potion of heal wounds for 65 gold pieces
  9491 | D:9      | Bought a potion of lignification for 39 gold pieces
  9497 | D:9      | Found a staircase to the Lair.
  9559 | D:9      | Reached **** piety under Makhleb
  9961 | Lair:1   | Entered Level 1 of the Lair of Beasts
  9973 | Lair:1   | Noticed a six-headed hydra
  9978 | Lair:1   | Killed a six-headed hydra
  9979 | Lair:1   | Reached skill level 10 in Fighting
  9987 | Lair:1   | Found a runed translucent gate.
  9988 | Lair:1   | Found a runed translucent gate.
  9988 | Lair:1   | Found a runed translucent gate.
  9989 | Lair:1   | Noticed a 12-headed hydra
  9989 | Lair:1   | Noticed Raverzhus's ghost (novice MiFi)
  9990 | Lair:1   | Noticed a ten-headed hydra
 10070 | Lair:1   | Reached XP level 12. HP: 85/92 MP: 0/0
 10119 | Lair:1   | Reached skill level 11 in Fighting
 10219 | Lair:1   | Reached ***** piety under Makhleb
 10481 | Lair:1   | Noticed Harold
 10502 | Lair:1   | Killed Harold
 10754 | Lair:2   | Noticed Amaemon
 10770 | Lair:2   | Killed Amaemon
 10771 | Lair:2   | Noticed an eight-headed hydra
 10784 | Lair:2   | Killed an eight-headed hydra
 10977 | Lair:2   | Found a hole to the Spider Nest.
 11015 | Lair:2   | Noticed Erica
 11026 | Lair:2   | Killed Erica
 11027 | Lair:2   | Reached skill level 12 in Fighting
 11027 | Lair:2   | Reached skill level 10 in Spellcasting
 11027 | Lair:2   | Reached XP level 13. HP: 70/101 MP: 0/0
 11027 | Lair:2   | Learned a level 5 spell: Lightning Bolt
 12087 | Lair:3   | Reached skill level 10 in Dodging
 12344 | Lair:3   | Found the +15 Maxwell's patent armour {-Cast -Tele rElec
                  | Will+ rCorr}
 12436 | Lair:3   | Found a staircase to the Swamp.
 12865 | Lair:4   | Noticed Rupert
 12881 | Lair:4   | Killed Rupert
 13009 | Lair:4   | Reached skill level 13 in Fighting
 13378 | Lair:4   | Found a sparkling altar of Nemelex Xobeh.
 13803 | Lair:5   | Noticed a five-headed hydra
 13811 | Lair:5   | Reached skill level 10 in Evocations
 13811 | Lair:5   | Killed a five-headed hydra
 13850 | Lair:5   | Reached XP level 14. HP: 96/110 MP: 0/0
 14548 | Lair:6   | Entered Level 6 of the Lair of Beasts
 14548 | Lair:6   | Found a staircase to the Slime Pits.
 14890 | Lair:6   | Reached skill level 14 in Fighting
 15227 | Lair:6   | Noticed a dire elephant
 15228 | Lair:6   | Noticed a dire elephant
 15318 | Lair:6   | Reached ****** piety under Makhleb
 15538 | Lair:6   | Killed a dire elephant
 15539 | Lair:6   | Reached XP level 15. HP: 88/118 MP: 0/0
 15539 | Lair:6   | Learned a level 6 spell: Death Channel
 16119 | D:10     | Entered Level 10 of the Dungeon
 16147 | D:10     | Found a runed translucent door.
 16152 | D:10     | Noticed Radamante's ghost (journeyman GrEE)
 16565 | D:10     | Found a staircase to the Orcish Mines.
 16869 | D:10     | Found a hazy altar of Hepliaklqana.
 17083 | D:10     | Found a viscous altar of Jiyva.
 17193 | Orc:1    | Entered Level 1 of the Orcish Mines
 17299 | Orc:2    | Entered Level 2 of the Orcish Mines
 17333 | Orc:2    | Noticed Donald
 17344 | Orc:2    | Killed Donald
 17517 | Orc:2    | Reached skill level 15 in Fighting
 17575 | Orc:2    | Found a staircase to the Elven Halls.
 17956 | Orc:2    | Found Fierphutz's General Store.
 17959 | Orc:2    | Found Bumirael's Magic Scroll Emporium.
 18510 | Orc:2    | Found Otovyfun's Book Shop.
 18510 | Orc:2    | Found Dust's Antique Weapon Boutique.
 18511 | Orc:2    | Found a one-way gate leading to the halls of Pandemonium.
 18685 | Orc:2    | Upgraded the game from 0.29-a0-563-g64e4043 to
                  | 0.29-a0-571-ge9b4822
 18915 | D:11     | Found a portal to a secret trove of treasure.
 19953 | D:12     | Reached XP level 16. HP: 78/127 MP: 0/0
 20072 | D:12     | Noticed Lodul
 20082 | D:12     | Killed Lodul
 20673 | D:13     | Reached skill level 16 in Fighting
 20762 | D:12     | Upgraded the game from 0.29-a0-571-ge9b4822 to
                  | 0.29-a0-575-g0dc89cf
 21482 | D:14     | Found a broken altar of Ashenzari.
 21641 | D:14     | Found a gate to the Vaults.
 22005 | D:14     | Noticed Josephine
 22010 | D:14     | Killed Josephine
 22251 | D:15     | Entered Level 15 of the Dungeon
 22344 | D:15     | Reached skill level 1 in Armour
 22665 | D:15     | Found a staircase to the Depths.
 22712 | D:15     | Identified the +10 flail "Ceganaog" {speed, Str+3 Int-3
                  | Dex+2}
 23141 | Swamp:1  | Entered Level 1 of the Swamp
 23150 | Swamp:1  | Noticed Mlioglotl
 23228 | Swamp:1  | Reached XP level 17. HP: 75/135 MP: 0/0
 23228 | Swamp:1  | Learned a level 7 spell: Ozocubu's Refrigeration
 23269 | Swamp:1  | Noticed Kirke
 23274 | Swamp:1  | Noticed a tentacled starspawn
 23280 | Swamp:1  | Killed Mlioglotl
 23288 | Swamp:1  | Killed Kirke
 23457 | Swamp:1  | Reached skill level 17 in Fighting
 24115 | Swamp:2  | Identified 2 scrolls of acquirement
 24231 | Swamp:2  | Identified the +1 helmet of Keig {Fly rPois Str+2}
 24836 | Swamp:3  | HP: 1/136 [eight-headed hydra (7)]
 24843 | Swamp:3  | HP: 3/136 [swamp worm/harpoon shot (18)]
 25439 | Swamp:4  | Entered Level 4 of the Swamp
 25459 | Swamp:3  | Killed from afar by an eleionoma

Illustrated notes

Levels and vault maps discovered:
D:1:      saegor_arrival_simple_c, layout_basic,
          hellmonk_ecumenical_altar_arch_garden
D:2:      layout_basic, basic_altar, kennysheep_path_1, kennysheep_nub,
          uniq_sigmund
D:3:      layout_basic, minmay_misc_feat_pillars, minivault_4, minivault_26,
          minmay_close_crescents, uniq_ijyb
D:4:      layout_loops_ring, minmay_temple_entry_trees, uniq_crazy_yiuf_cottage
D:5:      layout_loops_cross, enter_ossuary_5
D:6:      layout_loops_ring, uniq_edmund, uniq_eustachio
D:7:      layout_basic, serial_bayou_pond_c
D:8:      layout_layer_cave, kennysheep_cross_bottleneck, st_stairs_6,
          dreamdust_gnoll_shepherd
D:9:      layout_gridville, lair_entry_dummy, serial_shops, shop,
          minmay_statues_item
D:10:     minmay_spotlight, layout_basic, lemuel_tele_altar, erik_orc_1,
          ebering_ghost_reflecting_pool, jiyva_altar_1
D:11:     layout_stronghold, nicolae_trove_entry_free_sample
D:12:     layout_basic, uniq_lodul
D:13:     layout_cave_pools, kennysheep_generic_room_12
D:14:     layout_loops_ring, david_vaults_1,
          portal_ice_cave_entry_ice_statue_one, ashenzari_conservatory_becter,
          nicolae_figureground_sparkle, uniq_josephine
D:15:     grunt_enter_depths_magical_seal, layout_cave_pools,
          minmay_misc_feat_more_columns, statue_in_the_mist_lemuel
Temple:   mainiacjoe_temple_circle_huts
Lair:1:   layout_chaotic_city, gammafunk_ghost_hydra_chop,
          nicolae_lair_run_with_the_wolves, lemuel_fruit_fields, uniq_harold
Lair:2:   layout_layer_cave, hellmonk_spider_entry_not_the_bees, st_stairs_10,
          grunt_megastairs_1, serial_bayou_shore_a, uniq_amaemon, uniq_erica
Lair:3:   layout_regular_city, minmay_swamp_entry_worms,
          minmay_stone_trees_medium, serial_bayou_lagoon_a,
          chequers_serial_rivers_small_3, dreamdust_deal_with_the_devil,
          serial_bayou_pond_c
Lair:4:   layout_regular_city, basic_altar, grunt_megastairs_4, uniq_rupert
Lair:5:   layout_gridlike
Lair:6:   due_jungle_book, layout_regular_city, minmay_slime_entry_pillars,
          serial_rivers, chequers_serial_rivers_room_a,
          chequers_serial_rivers_small_3, chequers_serial_rivers_large_b,
          chequers_serial_rivers_room_a, chequers_serial_rivers_room_a,
          chequers_serial_rivers_marsh
Swamp:1:  layout_basic_swamp, serial_swamp_ruin, evilmike_swamp_ruin_house_1,
          evilmike_swamp_ruin_house_4, uniq_mlioglotl, uniq_kirke
Swamp:2:  layout_basic_swamp, nicolae_swamp_very_dense_foliage, swamp_pool4,
          nicolae_swamp_wisp_ring_woods, infiniplex_staircase_pool
Swamp:3:  layout_basic_swamp, nicolae_swamp_bean_lake
Swamp:4:  swamp_old_school, layout_basic_swamp,
          gammafunk_ghost_wrathful_warriors
Orc:1:    layout_caves, uniq_nergalle, uniq_jorgrun
Orc:2:    pf_orc_diabolical, layout_diamond_mine, uniq_donald

Skill      XL: |  1  2  3  4  5  6  7  8  9 10 11 12 13 14 15 16 17 |
---------------+----------------------------------------------------+-----
Fighting       | 1 2 3 4 5 7 9 10 12 13 14 15 16 17 | 17.4
Dodging        | 3 4 5 6 7 8 9 10 11 12 13 14 | 14.5
Spellcasting   | 4 5 6 7 8 10 11 12 | 12.7
Evocations     | 1 2 3 4 6 7 8 10 11 13 14 | 14.1
Armour         | 2 4 |  4.0
Stealth        | |  1.5

Action                   |  1- 3 |  4- 6 |  7- 9 | 10-12 | 13-15 | 16-18 || total
-------------------------+-------+-------+-------+-------+-------+-------++-------
Melee: Unarmed           |       |       |    22 |       |       |       ||    22
       Staff             |       |       |       |     3 |     6 |     1 ||    10
       Punch             |       |       |       |       |     1 |       ||     1
 Cast: Magic Dart        |    38 |    32 |    38 |    30 |    27 |    26 ||   191
       Searing Ray       |     7 |    25 |    46 |    35 |    10 |     8 ||   131
       Poisonous Vapours |       |    21 |    36 |    67 |   131 |    81 ||   336
       Summon Small Mamm |       |     6 |     9 |    12 |     7 |     3 ||    37
       Dazzling Flash    |       |     1 |     9 |    15 |    23 |     6 ||    54
       Frozen Ramparts   |       |       |    16 |    37 |    77 |    20 ||   150
       Fulminant Prism   |       |       |    21 |    71 |    64 |    59 ||   215
       Spider Form       |       |       |     3 |     1 |       |       ||     4
       Iskenderun's Myst |       |       |       |    37 |   216 |   170 ||   423
       Olgreb's Toxic Ra |       |       |       |    12 |    61 |    18 ||    91
       Lightning Bolt    |       |       |       |       |   217 |   170 ||   387
       Death Channel     |       |       |       |       |    11 |     4 ||    15
Evoke: Wand              |       |       |       |       |       |     7 ||     7
  Use: Scroll            |       |     3 |     4 |     6 |    10 |    12 ||    35
       Potion            |       |       |       |       |       |     5 ||     5
Armor: Robe              |     1 |     2 |     4 |     5 |    10 |    18 ||    40
       Skin              |       |       |     2 |       |       |       ||     2
Dodge: Dodged            |     1 |     9 |    53 |    18 |    31 |    83 ||   195

Table legend: (Time is in decaauts)
 A = Elapsed time spent in this place.
 B = Non-inter-level travel time spent in this place.
 C = Inter-level travel time spent in this place.
 D = Time resting spent in this place.
 E = Time spent auto-exploring this place.
 F = Levels seen in this place.
 G = Mean time per level.
                   A        B        C        D        E       F      G
               +--------+--------+--------+--------+--------+-----+--------+
         Total |  25469 |  22424 |   3045 |   2115 |  15747 |  29 |  878.2 |
       Dungeon |  14568 |  13027 |   1541 |   1262 |   9724 |  15 |  971.2 |
        Temple |    315 |    160 |    155 |      0 |    144 |   1 |  315.0 |
          Lair |   6233 |   5473 |    760 |    290 |   3953 |   6 | 1038.8 |
         Swamp |   2318 |   2098 |    220 |    335 |   1237 |   4 |  579.5 |
  Orcish Mines |   1633 |   1265 |    368 |    228 |    586 |   2 |  816.5 |
       Ossuary |    400 |    400 |      0 |      0 |    103 |   1 |  400.0 |
               +--------+--------+--------+--------+--------+-----+--------+

Top non-repeatable levels by time:
   Orc:2: 1523 daAuts
     D:2: 1519 daAuts
  Lair:6: 1465 daAuts
  Lair:2: 1350 daAuts
     D:3: 1318 daAuts
     D:4: 1136 daAuts
    D:10: 1129 daAuts
     D:1: 1069 daAuts
    D:12: 1049 daAuts
    D:14: 977 daAuts
     D:9: 941 daAuts
     D:8: 921 daAuts
     D:6: 912 daAuts
 Swamp:2: 910 daAuts
    D:11: 889 daAuts
